 Dungeon Crawl Stone Soup version 0.30-a0-222-ge547ba4400 (webtiles) character file.

Game seed: 15678179168488105239

29879 qw the Cleaver (level 13, -4/82 HPs)
             Began as a Gargoyle Fighter on Oct 8, 2022.
             Was a High Priest of Okawaru.
             Slain by a komodo dragon (18 damage)
             ... on level 4 of the Lair of Beasts.
             The game lasted 00:05:52 (13056 turns).

qw the Cleaver (Gargoyle Fighter)                  Turns: 13056, Time: 00:05:53

Health: -4/82      AC: 41    Str: 24    XL:     13   Next: 48%
Magic:  18/20      EV: 13    Int: 10    God:    Okawaru [*****.]
Gold:   376        SH:  6    Dex:  9    Spells: 12/12 levels left

rFire   . . .      SeeInvis .    m - +3 broad axe (flame)
rCold   . . .      Faith    .    c - +0 buckler
rNeg    + . .      Spirit   .    p - +4 plate armour "Jieqi" {Regen+ Stlth+}
rPois   inf        Reflect  .    (no helmet)
rElec   +          Harm     .    (no cloak)
rCorr   .          Rampage  .    l - +2 pair of gloves
Will    .....                    g - +2 pair of boots
Stlth   ..........               e - amulet of regeneration
HPRegen 1.93/turn                j - +4 ring of protection
MPRegen 0.17/turn                b - +4 ring of evasion

@: about to teleport, heroic
A: sickness immunity, AC +9, negative energy resistance 1, electricity
resistance, torment resistance 1, petrification resistance
a: Renounce Religion, Heroism, Finesse, Duel


You were on level 4 of the Lair of Beasts.
You worshipped Okawaru.
Okawaru was extremely pleased with you.
You visited 3 branches of the dungeon, and saw 19 of its levels.

You collected 701 gold pieces.
You spent 325 gold pieces at shops.


Innate Abilities, Weirdness & Mutations

You are immune to sickness and miasma.
Your stone body is resilient. (AC +9)
You are immune to poison.
You resist negative energy. (rN+)
You are resistant to electric shocks. (rElec)
You are resistant to unholy torment.
You are immune to petrification.


   Skills:
 + Level 10.1(15.1) Fighting
 - Level 14.0(19.0) Axes
 - Level 5.1(10.1) Throwing
 - Level 9.1(14.1) Armour
 - Level 2.5(7.5) Dodging
 - Level 6.8(11.8) Shields
 - Level 10.0 Invocations


You had 12 spell levels left.
You didn't know any spells.
Your spell library was empty.

Inventory:

Hand Weapons
 m - a +3 broad axe of flaming (weapon)
Missiles
 f - 15 boomerangs (quivered)
Armour
 c - a +0 buckler (worn)
 g - a +2 pair of boots (worn)
 l - a +2 pair of gloves (worn)
 p - the +4 plate armour "Jieqi" (worn) {Regen+ Stlth+}
   (Okawaru gifted it to you on level 1 of the Lair of Beasts)

   Regen:     It increases your rate of health regeneration.
   Stlth:     It makes you more stealthy.
Jewellery
 b - a +4 ring of evasion (right hand)
 e - an amulet of regeneration (around neck)
 h - the ring of Zeycaabe {Fire rN+ rCorr}
   (You found it on level 9 of the Dungeon)

   [ring of fire]

   It enhances your fire magic.
   rF:        It protects you from fire.
   rC:        It makes you vulnerable to cold.
   rN:        It protects you from negative energy.
   rCorr:     It protects you from acid and corrosion.
 j - a +4 ring of protection (left hand)
 o - the ring "Syokhlaf" {rElec rPois rCorr Int+3}
   (You found it on level 6 of the Dungeon)

   [ring of poison resistance]

   Int:       It affects your intelligence (+3).
   rElec:     It insulates you from electricity.
   rPois:     It protects you from poison.
   rCorr:     It protects you from acid and corrosion.
Scrolls
 k - 6 scrolls of identify
 u - 3 scrolls of teleportation
Potions
 a - 7 potions of heal wounds
 d - 4 potions of might
 i - 2 potions of lignification
 n - a potion of mutation
 q - a potion of resistance
 r - 2 potions of haste
 s - 3 potions of curing
 v - 4 potions of attraction

Dungeon Overview and Level Annotations

Branches:
Dungeon (13/15)            Temple (1/1) D:4            Lair (5/5) D:10
 Shoals (0/4) Lair:3       Spider (0/4) Lair:2        Slime (0/5) Lair:4
    Orc: D:9-12      Vaults: D:13-14

Altars:
Ashenzari
Cheibriados
Dithmenos
Elyvilon
Fedhas
Gozag
Hepliaklqana
Kikubaaqudgha
Makhleb
Nemelex Xobeh
Okawaru
Qazlal
Ru
Sif Muna
Trog
Uskayaw
Vehumet
Wu Jian
Xom
Yredelemnul
Zin
The Shining One
Jiyva

Shops:
D:3 ??   D:9 *

Annotations:
D:7 3 runed translucent doors, qw's ghost, novice GrFi
D:9 1 runed translucent door
Lair:4 1 runed translucent door, qw's ghost, journeyman GrFi


Message History

The six-headed hydra barely misses you.
The six-headed hydra bites you but does no damage.
The six-headed hydra barely misses you.
The six-headed hydra bites you but does no damage. x3
You climb upwards.
Level annotation: 1 runed translucent door, qw's ghost, journeyman GrFi
There is a stone staircase leading down here.
13053 ||| INVOKING Heroism.
You gain the combat prowess of a mighty hero.
The cane toad barely misses you. The komodo dragon bites you!!
You block the yak's attack.
The six-headed hydra bites you but does no damage. x2
You block the six-headed hydra's attack.
The six-headed hydra misses you.
The six-headed hydra bites you but does no damage. x2
You hit the komodo dragon. You burn the komodo dragon.
The komodo dragon is lightly wounded.
You lop one of the six-headed hydra's heads off!
The flame cauterises the wound!
You slash the five-headed hydra! You burn the five-headed hydra.
You hit the yak but do no damage. You hit the cane toad but do no damage.
You block the cane toad's attack.
You lop one of the five-headed hydra's heads off!
The flame cauterises the wound!
You slice the four-headed hydra like a ripe choko!!!
You burn the four-headed hydra.
The four-headed hydra is severely wounded.
You slash the yak! You burn the yak. You hit the komodo dragon.
You burn the komodo dragon. You closely miss the cane toad.
You block the four-headed hydra's attack. x2
The four-headed hydra closely misses you.
The four-headed hydra barely misses you.
The komodo dragon bites you!! The yak gores you but does no damage.
You block the cane toad's attack.
13056 ||| READING 4 scrolls of teleportation.
As you read the scroll of teleportation, it crumbles to dust.
You feel strangely unstable.
The cane toad stings you but does no damage.
The komodo dragon bites you!!
You die...

######.........
###.........#####
###.#.........#.%..
#...}.........#....
##.............#%...
##..............#!.%.
#P.........P#####.%..
###..l........# #####
#..#.F@D..[..##
##.....Y......#
#........<.#.##
##.........####
#....)...P..##
##.......#...###
#.........#....### ###
#..........###...#####.#
##.......### ##..##.#.##


You could see a four-headed hydra, a komodo dragon, a yak and a cane toad.

Vanquished Creatures
  3 hydras
  A catoblepas (Lair:1)
  A boulder beetle (Lair:2)
  3 two-headed ogres
  6 death yaks (Lair:1)
  A skeletal warrior (D:8)
  Pikel (D:8)
  A necromancer (Lair:3)
  A cyclops (D:13)
  2 manticores
  A merfolk siren (Lair:3)
  5 black mambas
  An ice statue (D:9)
  7 cane toads
  Psyche (D:8)
  2 komodo dragons
  4 rime drakes
  A queen bee (Lair:4)
  3 meliai (Lair:4)
  A hornet (D:9)
  3 blink frogs (Lair:4)
  3 wraiths
  3 culicivoras (Lair:2)
  3 wyverns
  2 vampires
  19 yaks
  4 basilisks
  An unseen horror simulacrum (D:8)
  3 vampire mosquitoes (D:10)
  Edmund (D:6)
  10 water moccasins
  2 orc warriors
  4 black bears
  2 centaurs
  An ogre (D:5)
  4 wolves (Lair:1)
  3 lemures (D:8)
  A phantom (D:4)
  3 kobold brigands
  3 scorpions
  5 bullfrogs
  4 necrophages
  5 wights (D:9)
  20 killer bees (Lair:4)
  7 electric eels
  A howler monkey (D:5)
  A spectral centaur (D:8)
  3 lava snakes (Lair:2)
  4 hounds
  5 jellies
  3 orc priests
  2 iguanas (D:5)
  18 orc wizards
  2 polar bear simulacra (Lair:3)
  2 spectral killer bees (D:8)
  4 yak simulacra (Lair:3)
  2 wolf simulacra (Lair:3)
  11 gnolls
  6 adders
  A shadow imp (D:7)
  A white imp (D:8)
  An ufetubus (D:4)
  4 dart slugs
  29 orcs
  11 ball pythons
  9 bats
  10 endoplasms
  2 giant cockroaches
  10 goblins
  9 hobgoblins
  3 jackals (D:1)
  A quokka (D:1)
  2 frilled lizards
  25 kobolds
  3 rats
  3 river rat simulacra (Lair:3)
  A bush (Lair:1)
351 creatures vanquished.

Vanquished Creatures (others)
  A bullfrog (Lair:2)
  An orc wizard (D:7)
  4 bushes (Lair:1)
  16 fungi
  47 plants
  20 withered plants (D:8)
89 creatures vanquished.

Grand Total: 440 creatures vanquished

Notes
Turn   | Place    | Note
-------+----------+-------------------------------------------
     0 | D:1      | qw the Gargoyle Fighter began the quest for the Orb.
     0 | D:1      | Reached XP level 1. HP: 14/14 MP: 1/1
     0 | D:1      | 0 ||| qw: Version: 0.2-a-17-g06abaee
     0 | D:1      | 0 ||| qw: Game counter: 2051
     0 | D:1      | 0 ||| qw: Always use a shield: true
     0 | D:1      | 0 ||| qw: God list: Okawaru
     0 | D:1      | 0 ||| qw: Allow faded altars: false
     0 | D:1      | 0 ||| qw: Do Orc after D:15 true
     0 | D:1      | 0 ||| qw: Do second Lair branch before Depths: true
     0 | D:1      | 0 ||| qw: Lair rune preference: random
     0 | D:1      | 0 ||| qw: Plans: Normal, Zot:1-4, God:TSO, Crypt, Tomb,
                  | Pan, Slime:5, Hells, Abyss, Orb
     0 | D:1      | 0 ||| PLANNING D:1-11
    63 | D:1      | Reached skill level 2 in Axes
   141 | D:1      | Reached XP level 2. HP: 19/19 MP: 2/2
   229 | D:1      | 229 ||| Stepping ~*~*~tactically~*~*~ (stealth).
   257 | D:1      | Reached skill level 3 in Axes
   331 | D:1      | Reached XP level 3. HP: 23/23 MP: 3/3
   528 | D:1      | 528 ||| DROPPING +0 club.
   578 | D:1      | 578 ||| Stepping ~*~*~tactically~*~*~ (stealth).
   775 | D:1      | 775 ||| UPGRADING to ring of willpower.
   776 | D:1      | 776 ||| READING scroll labelled PUPLOU UNAZOAM.
   777 | D:1      | 777 ||| READING scroll labelled LUILABR UTASE.
   778 | D:1      | 778 ||| READING scroll labelled DOETWUSOSIPN.
   779 | D:1      | 779 ||| READING 2 scrolls labelled IQUEDI ACZOCE.
   780 | D:1      | 780 ||| READING scroll labelled TONTUISMUTZ.
  1194 | D:2      | 1194 ||| STAIRDANCE
  1269 | D:2      | Found a faded altar of an unknown god.
  1354 | D:2      | 1354 ||| Stepping ~*~*~tactically~*~*~ (stealth).
  1355 | D:2      | 1355 ||| Stepping ~*~*~tactically~*~*~ (stealth).
  1356 | D:2      | 1356 ||| Stepping ~*~*~tactically~*~*~ (stealth).
  1357 | D:2      | 1357 ||| Stepping ~*~*~tactically~*~*~ (stealth).
  1370 | D:2      | Reached XP level 4. HP: 27/28 MP: 4/4
  1768 | D:2      | 1768 ||| DROPPING orb of mayhem.
  1769 | D:2      | 1769 ||| UPGRADING to amulet of regeneration.
  1774 | D:2      | 1774 ||| READING 2 scrolls of identify.
  1774 | D:2      | 1774 ||| IDENTIFYING bubbling pink potion
  1830 | D:3      | Found Ellan's Magic Scroll Shop.
  1839 | D:3      | 1839 ||| BUYING scroll of enchant armour (105 gold).
  1839 | D:3      | Bought a scroll of enchant armour for 105 gold pieces
  1839 | D:3      | 1839 ||| BUYING scroll of identify (28 gold).
  1839 | D:3      | Bought a scroll of identify for 28 gold pieces
  1839 | D:3      | 1839 ||| SHOPLISTING scroll of identify (28 gold, have 10).
  1924 | D:3      | Found Tevalate's Magic Scroll Shop.
  1931 | D:3      | 1931 ||| SHOPLISTING 3 scrolls of enchant weapon (247 gold,
                  | have 16).
  1931 | D:3      | 1931 ||| SHOPLISTING scroll of enchant weapon (82 gold,
                  | have 16).
  1931 | D:3      | 1931 ||| SHOPLISTING scroll of teleportation (33 gold, have
                  | 16).
  1972 | D:3      | Reached skill level 4 in Axes
  1972 | D:3      | 1972 ||| Stepping ~*~*~tactically~*~*~ (hiding).
  1999 | D:3      | 1999 ||| DROPPING +0 mace.
  2209 | D:3      | Found a stormy altar of Qazlal.
  2253 | D:3      | Found an opulent altar of Gozag.
  2302 | D:3      | 2302 ||| Stepping ~*~*~tactically~*~*~ (hiding).
  2392 | D:3      | 2392 ||| DROPPING +2 vampiric whip.
  2408 | D:3      | 2408 ||| UPGRADING to +6 ring of dexterity.
  2409 | D:3      | 2409 ||| READING 2 scrolls labelled ENEONE FOHOVU.
  2410 | D:3      | 2410 ||| READING scroll labelled ZUCIOMIRODA.
  2411 | D:3      | 2411 ||| READING scroll labelled CENEXOTSOSUO.
  2412 | D:3      | 2412 ||| READING scroll labelled FAIVOYM QUONWE.
  2413 | D:3      | 2413 ||| READING 4 scrolls of identify.
  2413 | D:3      | 2413 ||| IDENTIFYING bubbling clear potion
  2414 | D:3      | 2414 ||| READING 3 scrolls of identify.
  2414 | D:3      | 2414 ||| IDENTIFYING fizzy dark potion
  2415 | D:3      | 2415 ||| READING 2 scrolls of identify.
  2415 | D:3      | 2415 ||| IDENTIFYING ruby potion
  2416 | D:3      | 2416 ||| DROPPING potion of flight.
  2417 | D:3      | 2417 ||| DROPPING potion of degeneration.
  2418 | D:3      | 2418 ||| DROPPING scroll of fear.
  2477 | D:4      | Found a staircase to the Ecumenical Temple.
  2478 | D:4      | 2478 ||| PLANNING TEMPLE
  2478 | D:4      | 2478 ||| UPGRADING to +1 pair of boots.
  2483 | D:4      | 2483 ||| READING scroll of enchant armour.
  2483 | D:4      | 2483 ||| ENCHANTING +1 pair of boots.
  2492 | Temple   | Entered the Ecumenical Temple
  2684 | Temple   | 2684 ||| PLANNING D:1-11
  2694 | D:4      | Noticed a necrophage
  2694 | D:4      | Noticed a phantom
  2705 | D:4      | Killed a necrophage
  2706 | D:4      | Reached skill level 1 in Dodging
  2706 | D:4      | Reached XP level 5. HP: 30/32 MP: 5/5
  2708 | D:4      | Killed a phantom
  2709 | D:4      | Reached skill level 5 in Axes
  2709 | D:4      | Reached XP level 6. HP: 37/37 MP: 6/6
  2732 | D:4      | 2732 ||| Stepping ~*~*~tactically~*~*~ (hiding).
  2734 | D:4      | 2734 ||| Stepping ~*~*~tactically~*~*~ (hiding).
  2735 | D:4      | 2735 ||| Stepping ~*~*~tactically~*~*~ (hiding).
  2736 | D:4      | 2736 ||| Stepping ~*~*~tactically~*~*~ (hiding).
  2747 | D:4      | 2747 ||| FLEEEEING.
  2748 | D:4      | 2748 ||| FLEEEEING.
  2749 | D:4      | 2749 ||| FLEEEEING.
  2750 | D:4      | 2750 ||| FLEEEEING.
  2751 | D:4      | 2751 ||| FLEEEEING.
  2752 | D:4      | 2752 ||| FLEEEEING.
  2753 | D:4      | 2753 ||| FLEEEEING.
  2754 | D:4      | 2754 ||| FLEEEEING.
  2755 | D:4      | 2755 ||| FLEEEEING.
  2756 | D:4      | 2756 ||| FLEEEEING.
  2907 | D:4      | Identified the +2 robe of Tyfrehil {Harm Str+3 Int+4 Dex+2}
  3158 | D:4      | Noticed a black bear
  3163 | D:4      | Killed a black bear
  3330 | D:4      | 3330 ||| UPGRADING to +0 chain mail.
  3340 | D:4      | 3340 ||| DROPPING +0 scale mail.
  3341 | D:4      | 3341 ||| UPGRADING to +4 ring of protection.
  3343 | D:4      | 3343 ||| DROPPING ring of flight.
  3344 | D:4      | 3344 ||| DROPPING ring of willpower.
  3345 | D:4      | 3345 ||| READING scroll labelled FAMUNU YVIF.
  3346 | D:4      | 3346 ||| DRINKING 2 lumpy inky potions.
  3347 | D:4      | 3347 ||| READING 2 scrolls of identify.
  3347 | D:4      | 3347 ||| IDENTIFYING purple potion
  3348 | D:4      | 3348 ||| DROPPING potion of brilliance.
  3411 | D:5      | Entered Level 5 of the Dungeon
  3434 | D:5      | Reached XP level 7. HP: 25/43 MP: 7/7
  3590 | D:5      | Reached skill level 6 in Axes
  3671 | D:5      | Reached skill level 7 in Axes
  3671 | D:5      | Reached XP level 8. HP: 48/48 MP: 8/8
  3806 | D:5      | Found an ancient bone altar of Kikubaaqudgha.
  3806 | D:5      | Found a blossoming altar of Fedhas.
  4044 | D:6      | 4044 ||| Stepping ~*~*~tactically~*~*~ (stealth).
  4058 | D:6      | 4058 ||| Stepping ~*~*~tactically~*~*~ (stealth).
  4059 | D:6      | 4059 ||| Stepping ~*~*~tactically~*~*~ (stealth).
  4089 | D:6      | Found a basalt altar of Yredelemnul.
  4090 | D:6      | Found an iron altar of Okawaru.
  4091 | D:6      | 4091 ||| PLANNING OKAWARU WORSHIP
  4091 | D:6      | 4091 ||| FLEEEEING.
  4092 | D:6      | 4092 ||| FLEEEEING.
  4099 | D:6      | 4099 ||| FLEEEEING.
  4100 | D:6      | 4100 ||| FLEEEEING.
  4101 | D:6      | 4101 ||| FLEEEEING.
  4105 | D:6      | 4105 ||| STAIRDANCE
  4110 | D:6      | 4110 ||| STAIRDANCE
  4116 | D:6      | 4116 ||| STAIRDANCE
  4118 | D:5      | 4118 ||| Stepping randomly (disturbance).
  4137 | D:6      | Reached skill level 8 in Axes
  4137 | D:6      | 4137 ||| STAIRDANCE
  4139 | D:6      | 4139 ||| STAIRDANCE
  4141 | D:6      | 4141 ||| STAIRDANCE
  4148 | D:5      | 4148 ||| DRINKING potion of curing.
  4148 | D:5      | 4148 ||| (to cure confusion)
  4174 | D:6      | 4174 ||| STAIRDANCE
  4178 | D:6      | 4178 ||| STAIRDANCE
  4182 | D:6      | 4182 ||| STAIRDANCE
  4186 | D:6      | 4186 ||| STAIRDANCE
  4190 | D:6      | 4190 ||| STAIRDANCE
  4194 | D:6      | 4194 ||| STAIRDANCE
  4198 | D:6      | 4198 ||| STAIRDANCE
  4302 | D:6      | 4302 ||| STAIRDANCE
  4306 | D:6      | 4306 ||| STAIRDANCE
  4310 | D:6      | 4310 ||| STAIRDANCE
  4314 | D:6      | 4314 ||| STAIRDANCE
  4343 | D:6      | Found a broken altar of Ashenzari.
  4351 | D:6      | Became a worshipper of Warmaster Okawaru
  4352 | D:6      | 4352 ||| PLANNING D:1-11
  4353 | D:6      | Found a shadowy altar of Dithmenos.
  4356 | D:6      | Found a sacrificial altar of Ru.
  4358 | D:6      | 4358 ||| Stepping ~*~*~tactically~*~*~ (stealth).
  4359 | D:6      | 4359 ||| Stepping ~*~*~tactically~*~*~ (stealth).
  4381 | D:6      | Reached skill level 6 in Fighting
  4381 | D:6      | Found a hazy altar of Hepliaklqana.
  4382 | D:6      | Found a glowing golden altar of the Shining One.
  4387 | D:6      | Found a shimmering blue altar of Sif Muna.
  4407 | D:6      | Noticed Edmund
  4423 | D:6      | Killed Edmund
  4470 | D:6      | Found a sparkling altar of Nemelex Xobeh.
  4535 | D:6      | Reached XP level 9. HP: 55/55 MP: 9/9
  4694 | D:6      | 4694 ||| FLEEEEING.
  4696 | D:6      | 4696 ||| FLEEEEING.
  4697 | D:6      | 4697 ||| FLEEEEING.
  4698 | D:6      | 4698 ||| FLEEEEING.
  4699 | D:6      | 4699 ||| FLEEEEING.
  4701 | D:6      | 4701 ||| FLEEEEING.
  4702 | D:6      | 4702 ||| FLEEEEING.
  4703 | D:6      | 4703 ||| STAIRDANCE
  4805 | D:5      | 4805 ||| UPGRADING to +0 plate armour.
  4815 | D:5      | 4815 ||| DROPPING +0 chain mail.
  4816 | D:5      | 4816 ||| READING scroll labelled DUMYGE JIODD.
  4820 | D:5      | 4820 ||| READING scroll labelled KIGIUR WIOPN.
  4921 | D:5      | 4921 ||| READING scroll labelled HOGUALEXTE.
  4931 | D:5      | 4931 ||| DRINKING 3 sedimented sapphire potions.
  5032 | D:5      | 5032 ||| DRINKING 2 murky inky potions.
  5033 | D:5      | 5033 ||| READING 2 scrolls of identify.
  5033 | D:5      | 5033 ||| IDENTIFYING black potion
  5034 | D:5      | 5034 ||| DROPPING potion of berserk rage.
  5035 | D:5      | 5035 ||| DROPPING 2 potions of ambrosia.
  5209 | D:6      | Identified the ring "Syokhlaf" {rElec rPois rCorr Int+3}
  5307 | D:6      | 5307 ||| Stepping ~*~*~tactically~*~*~ (hiding).
  5313 | D:6      | 5313 ||| Stepping ~*~*~tactically~*~*~ (hiding).
  5341 | D:6      | 5341 ||| READING 3 scrolls of enchant weapon.
  5341 | D:6      | 5341 ||| ENCHANTING +1 war axe.
  5342 | D:6      | 5342 ||| READING 2 scrolls of enchant weapon.
  5342 | D:6      | 5342 ||| ENCHANTING +2 war axe.
  5343 | D:6      | 5343 ||| READING scroll of enchant weapon.
  5343 | D:6      | 5343 ||| ENCHANTING +3 war axe.
  5499 | D:6      | 5499 ||| UPGRADING to +0 pair of gloves.
  5504 | D:6      | 5504 ||| UPGRADING to +4 ring of evasion.
  5506 | D:6      | 5506 ||| DROPPING +6 ring of dexterity.
  5530 | D:7      | Reached * piety under Okawaru
  5531 | D:7      | 5531 ||| INVOKING Heroism.
  5574 | D:7      | 5574 ||| Stepping ~*~*~tactically~*~*~ (stealth).
  5575 | D:7      | 5575 ||| Stepping ~*~*~tactically~*~*~ (hiding).
  5576 | D:7      | 5576 ||| Stepping ~*~*~tactically~*~*~ (hiding).
  5578 | D:7      | 5578 ||| Stepping ~*~*~tactically~*~*~ (stealth).
  5582 | D:7      | 5582 ||| DRINKING 2 potions of curing.
  5582 | D:7      | 5582 ||| (to cure confusion)
  5663 | D:7      | Found a runed translucent gate.
  5663 | D:7      | Found a runed translucent gate.
  5663 | D:7      | Found a runed translucent gate.
  5676 | D:7      | 5676 ||| Stepping ~*~*~tactically~*~*~ (stealth).
  5706 | D:7      | 5706 ||| Stepping ~*~*~tactically~*~*~ (hiding).
  5722 | D:7      | HP: 4/55 [orc warrior/+0 trident (12)]
  5723 | D:7      | 5723 ||| READING scroll of teleportation.
  5724 | D:7      | 5724 ||| DRINKING 3 potions of heal wounds.
  5868 | D:7      | Noticed qw's ghost (novice GrFi)
  5925 | D:7      | 5925 ||| Stepping ~*~*~tactically~*~*~ (stealth).
  6124 | D:7      | Reached skill level 9 in Axes
  6131 | D:7      | 6131 ||| Stepping ~*~*~tactically~*~*~ (hiding).
  6133 | D:7      | 6133 ||| Stepping ~*~*~tactically~*~*~ (hiding).
  6134 | D:7      | 6134 ||| Stepping ~*~*~tactically~*~*~ (hiding).
  6135 | D:7      | 6135 ||| Stepping ~*~*~tactically~*~*~ (hiding).
  6136 | D:7      | 6136 ||| Stepping ~*~*~tactically~*~*~ (hiding).
  6147 | D:7      | Reached skill level 1 in Invocations
  6151 | D:7      | 6151 ||| INVOKING Heroism.
  6164 | D:7      | 6164 ||| Stepping ~*~*~tactically~*~*~ (hiding).
  6386 | D:7      | 6386 ||| READING 2 scrolls of identify.
  6386 | D:7      | 6386 ||| IDENTIFYING blue potion
  6387 | D:7      | 6387 ||| DROPPING potion of invisibility.
  6472 | D:8      | 6472 ||| INVOKING Heroism.
  6481 | D:8      | Reached skill level 3 in Invocations
  6608 | D:8      | Noticed Pikel
  6609 | D:8      | 6609 ||| INVOKING Heroism.
  6625 | D:8      | Killed Pikel
  6625 | D:8      | Reached ** piety under Okawaru
  6626 | D:8      | Reached XP level 10. HP: 55/60 MP: 11/13
  6727 | D:8      | 6727 ||| Stepping ~*~*~tactically~*~*~ (hiding).
  6731 | D:8      | 6731 ||| Stepping ~*~*~tactically~*~*~ (hiding).
  6848 | D:8      | Noticed a two-headed ogre
  6849 | D:8      | 6849 ||| INVOKING Heroism.
  6858 | D:8      | Killed a two-headed ogre
  6895 | D:8      | 6895 ||| Stepping ~*~*~tactically~*~*~ (hiding).
  6896 | D:8      | 6896 ||| Stepping ~*~*~tactically~*~*~ (hiding).
  7052 | D:8      | Noticed a two-headed ogre
  7053 | D:8      | 7053 ||| INVOKING Heroism.
  7062 | D:8      | Killed a two-headed ogre
  7062 | D:8      | Reached *** piety under Okawaru
  7100 | D:8      | Noticed Psyche
  7101 | D:8      | 7101 ||| INVOKING Heroism.
  7113 | D:8      | Killed Psyche
  7178 | D:8      | Noticed a skeletal warrior
  7179 | D:8      | 7179 ||| INVOKING Heroism.
  7180 | D:8      | 7180 ||| Stepping ~*~*~tactically~*~*~ (stealth).
  7211 | D:8      | Killed a skeletal warrior
  7211 | D:8      | Reached **** piety under Okawaru
  7226 | D:8      | 7226 ||| INVOKING Heroism.
  7237 | D:8      | Reached skill level 10 in Axes
  7257 | D:8      | 7257 ||| Stepping ~*~*~tactically~*~*~ (stealth).
  7265 | D:8      | Found the +4 dagger "Morg" {pain, Will+ Int+5}
  7389 | D:8      | 7389 ||| Stepping ~*~*~tactically~*~*~ (hiding).
  7707 | D:8      | 7707 ||| READING scroll labelled WOSUHACHUIS.
  7708 | D:8      | 7708 ||| READING scroll labelled ETHEHU ISMIEPU.
  7932 | D:9      | Reached XP level 11. HP: 65/68 MP: 15/15
  7945 | D:9      | 7945 ||| Stepping ~*~*~tactically~*~*~ (stealth).
  7947 | D:9      | 7947 ||| Stepping ~*~*~tactically~*~*~ (stealth).
  7948 | D:9      | 7948 ||| Stepping ~*~*~tactically~*~*~ (stealth).
  7955 | D:9      | 7955 ||| INVOKING Heroism.
  7957 | D:9      | 7957 ||| Stepping ~*~*~tactically~*~*~ (stealth).
  7985 | D:9      | Identified the ring of Zeycaabe {Fire rN+ rCorr}
  8043 | D:9      | 8043 ||| Stepping ~*~*~tactically~*~*~ (stealth).
  8045 | D:9      | 8045 ||| Stepping ~*~*~tactically~*~*~ (stealth).
  8164 | D:9      | 8164 ||| INVOKING Heroism.
  8183 | D:9      | Reached skill level 6 in Invocations
  8395 | D:9      | Found Hoigoxu's Assorted Antiques.
  8403 | D:9      | 8403 ||| BUYING scroll labelled NUGIRO HISKI (32 gold).
  8403 | D:9      | Bought a scroll labelled NUGIRO HISKI for 32 gold pieces
  8403 | D:9      | 8403 ||| BUYING twisted moonstone ring (160 gold).
  8403 | D:9      | Bought a twisted moonstone ring for 160 gold pieces
  8502 | D:9      | Found a runed translucent door.
  8503 | D:9      | 8503 ||| DROPPING ring of magical power.
  8504 | D:9      | 8504 ||| READING scroll labelled NUGIRO HISKI.
  8505 | D:9      | 8505 ||| READING 4 scrolls of identify.
  8505 | D:9      | 8505 ||| IDENTIFYING fizzy white potion
  8506 | D:9      | 8506 ||| READING 3 scrolls of identify.
  8506 | D:9      | 8506 ||| IDENTIFYING dark potion
  8528 | D:10     | Entered Level 10 of the Dungeon
  8547 | D:10     | 8547 ||| Stepping ~*~*~tactically~*~*~ (stealth).
  8561 | D:10     | Reached ***** piety under Okawaru
  8590 | D:10     | 8590 ||| INVOKING Heroism.
  8623 | D:10     | 8623 ||| READING scroll of enchant armour.
  8623 | D:10     | 8623 ||| ENCHANTING +0 pair of gloves.
  8624 | D:10     | Found a staircase to the Lair.
  8693 | D:10     | 8693 ||| INVOKING Heroism.
  8719 | D:10     | Noticed a two-headed ogre
  8732 | D:10     | 8732 ||| INVOKING Heroism.
  8735 | D:10     | Killed a two-headed ogre
  8735 | D:10     | Received a gift from Okawaru
  8756 | D:10     | 8756 ||| SWAPPING to +2 broad axe of flaming.
  8757 | D:10     | 8757 ||| DROPPING +0 morningstar.
  8758 | D:10     | 8758 ||| DROPPING +4 war axe of protection.
  8772 | D:10     | 8772 ||| INVOKING Heroism.
  8935 | D:10     | 8935 ||| Stepping ~*~*~tactically~*~*~ (hiding).
  8936 | D:10     | 8936 ||| Stepping ~*~*~tactically~*~*~ (hiding).
  8937 | D:10     | 8937 ||| Stepping ~*~*~tactically~*~*~ (hiding).
  8974 | D:10     | You fall into a shaft and drop 3 floors!
  8979 | D:13     | Noticed a cyclops
  8980 | D:13     | 8980 ||| INVOKING Heroism.
  8984 | D:13     | Killed a cyclops
  8985 | D:13     | Reached skill level 11 in Axes
  8996 | D:13     | 8996 ||| READING 3 scrolls of identify.
  8996 | D:13     | 8996 ||| IDENTIFYING silvery potion
  9061 | D:12     | Noticed a manticore
  9062 | D:12     | 9062 ||| INVOKING Heroism.
  9067 | D:12     | Killed a manticore
  9154 | D:11     | Noticed a manticore
  9155 | D:11     | 9155 ||| Stepping ~*~*~tactically~*~*~ (hiding).
  9161 | D:11     | 9161 ||| INVOKING Heroism.
  9164 | D:11     | Killed a manticore
  9244 | D:10     | 9244 ||| INVOKING Heroism.
  9248 | D:10     | 9248 ||| Stepping ~*~*~tactically~*~*~ (water).
  9308 | D:10     | 9308 ||| PLANNING LAIR
  9332 | Lair:1   | Entered Level 1 of the Lair of Beasts
  9434 | Lair:1   | Identified the +4 scale mail of Pessimism {rElec MP-9
                  | Dex+7}
  9494 | Lair:1   | Noticed a death yak
  9494 | Lair:1   | Noticed a death yak
  9495 | Lair:1   | 9495 ||| Stepping ~*~*~tactically~*~*~ (stealth).
  9497 | Lair:1   | 9497 ||| INVOKING Heroism.
  9498 | Lair:1   | 9498 ||| INVOKING Finesse.
  9499 | Lair:1   | Noticed a death yak
  9502 | Lair:1   | Noticed a death yak
  9502 | Lair:1   | 9502 ||| Stepping ~*~*~tactically~*~*~ (stealth).
  9506 | Lair:1   | Reached skill level 9 in Invocations
  9506 | Lair:1   | Noticed a death yak
  9541 | Lair:1   | Noticed a catoblepas
  9542 | Lair:1   | 9542 ||| Stepping ~*~*~tactically~*~*~ (stealth).
  9549 | Lair:1   | 9549 ||| INVOKING Finesse.
  9563 | Lair:1   | 9563 ||| INVOKING Heroism.
  9580 | Lair:1   | 9580 ||| INVOKING Finesse.
  9594 | Lair:1   | Noticed a death yak
  9604 | Lair:1   | 9604 ||| INVOKING Heroism.
  9605 | Lair:1   | Killed a death yak
  9606 | Lair:1   | Reached skill level 9 in Fighting
  9632 | Lair:1   | 9632 ||| INVOKING Finesse.
  9655 | Lair:1   | 9655 ||| INVOKING Heroism.
  9666 | Lair:1   | 9666 ||| INVOKING Finesse.
  9691 | Lair:1   | 9691 ||| INVOKING Heroism.
  9692 | Lair:1   | 9692 ||| Stepping ~*~*~tactically~*~*~ (stealth).
  9742 | Lair:1   | 9742 ||| INVOKING Heroism.
  9775 | Lair:1   | 9775 ||| INVOKING Heroism.
  9812 | Lair:1   | 9812 ||| INVOKING Heroism.
  9825 | Lair:1   | Killed a death yak
  9826 | Lair:1   | Reached XP level 12. HP: 44/76 MP: 17/19
  9828 | Lair:1   | Killed a death yak
  9841 | Lair:1   | Killed a catoblepas
  9841 | Lair:1   | Killed a death yak
  9842 | Lair:1   | 9842 ||| INVOKING Finesse.
  9851 | Lair:1   | Killed a death yak
  9851 | Lair:1   | Identified the +4 plate armour "Jieqi" {Regen+ Stlth+}
                  | (Okawaru gifted it to you on level 1 of the Lair of Beasts)
  9851 | Lair:1   | Received a gift from Okawaru
  9856 | Lair:1   | Killed a death yak
  9957 | Lair:1   | 9957 ||| Stepping ~*~*~tactically~*~*~ (hiding).
  9967 | Lair:1   | Reached skill level 12 in Axes
 10365 | Lair:1   | 10365 ||| UPGRADING to +4 plate armour "Jieqi" {Regen+
                  | Stlth+}.
 10375 | Lair:1   | 10375 ||| DROPPING +0 plate armour.
 10376 | Lair:1   | 10376 ||| DROPPING +6 ring of strength.
 10412 | Lair:2   | Reached skill level 6 in Shields
 10442 | Lair:2   | 10442 ||| INVOKING Heroism.
 10528 | Lair:2   | Noticed an eight-headed hydra
 10529 | Lair:2   | 10529 ||| INVOKING Heroism.
 10535 | Lair:2   | Killed a three-headed hydra
 10536 | Lair:2   | Reached skill level 9 in Armour
 10548 | Lair:2   | 10548 ||| Stepping ~*~*~tactically~*~*~ (stealth).
 10592 | Lair:2   | 10592 ||| INVOKING Heroism.
 10641 | Lair:2   | 10641 ||| Stepping ~*~*~tactically~*~*~ (hiding).
 10729 | Lair:2   | Noticed a boulder beetle
 10731 | Lair:2   | 10731 ||| INVOKING Heroism.
 10732 | Lair:2   | 10732 ||| INVOKING Finesse.
 10756 | Lair:2   | Killed a boulder beetle
 10940 | Lair:2   | 10940 ||| INVOKING Heroism.
 10972 | Lair:2   | 10972 ||| Stepping ~*~*~tactically~*~*~ (stealth).
 10984 | Lair:2   | Found a hole to the Spider Nest.
 11399 | Lair:3   | 11399 ||| INVOKING Heroism.
 11401 | Lair:3   | 11401 ||| STAIRDANCE
 11414 | Lair:3   | 11414 ||| STAIRDANCE
 11424 | Lair:3   | 11424 ||| STAIRDANCE
 11436 | Lair:3   | Reached XP level 13. HP: 72/82 MP: 20/20
 11440 | Lair:3   | Received a gift from Okawaru
 11441 | Lair:3   | 11441 ||| STAIRDANCE
 11589 | Lair:3   | 11589 ||| READING scroll of enchant weapon.
 11589 | Lair:3   | 11589 ||| ENCHANTING +2 broad axe of flaming.
 11677 | Lair:3   | 11677 ||| INVOKING Heroism.
 11682 | Lair:3   | Reached skill level 13 in Axes
 11697 | Lair:3   | 11697 ||| Stepping ~*~*~tactically~*~*~ (stealth).
 11700 | Lair:3   | 11700 ||| INVOKING Heroism.
 11992 | Lair:3   | 11992 ||| INVOKING Heroism.
 12131 | Lair:3   | Found a staircase to the Shoals.
 12135 | Lair:3   | 12135 ||| Stepping ~*~*~tactically~*~*~ (hiding).
 12407 | Lair:4   | Found a runed translucent door.
 12407 | Lair:4   | Noticed qw's ghost (journeyman GrFi)
 12470 | Lair:4   | 12470 ||| Stepping ~*~*~tactically~*~*~ (hiding).
 12578 | Lair:4   | 12578 ||| INVOKING Heroism.
 12595 | Lair:4   | Identified the +1 hand axe of Las Any {vorpal, rF+ rN+
                  | SInv} (Okawaru gifted it to you on level 4 of the Lair of
                  | Beasts)
 12595 | Lair:4   | Received a gift from Okawaru
 12607 | Lair:4   | 12607 ||| Stepping ~*~*~tactically~*~*~ (stealth).
 12650 | Lair:4   | Reached skill level 14 in Axes
 12651 | Lair:4   | 12651 ||| INVOKING Heroism.
 12683 | Lair:4   | Found a viscous altar of Jiyva.
 12690 | Lair:4   | Found a staircase to the Slime Pits.
 12699 | Lair:4   | 12699 ||| READING scroll of enchant armour.
 12699 | Lair:4   | 12699 ||| ENCHANTING +1 pair of gloves.
 12973 | Lair:4   | 12973 ||| DROPPING orb of wrath.
 12995 | Lair:5   | Entered Level 5 of the Lair of Beasts
 12996 | Lair:5   | 12996 ||| INVOKING Heroism.
 13000 | Lair:5   | 13000 ||| STAIRDANCE
 13051 | Lair:5   | 13051 ||| STAIRDANCE
 13053 | Lair:4   | 13053 ||| INVOKING Heroism.
 13055 | Lair:4   | HP: 12/82 [komodo dragon (18)]
 13056 | Lair:4   | 13056 ||| READING 4 scrolls of teleportation.
 13056 | Lair:4   | Slain by a komodo dragon

Levels and vault maps discovered:
D:1:      elethiomel_arrival_shortcut, layout_loops_ring
D:2:      layout_rooms, serial_co_window_serial, co_window_of_opportunity_a,
          co_window_corner_a, co_window_of_opportunity_a,
          co_window_of_opportunity_a, co_window_corner_a, co_window_cross_1,
          co_window_cross_1, co_window_unsneaky_path_e, co_window_cross_3,
          co_window_of_opportunity_b, co_window_corner_b, co_window_corner_b,
          co_window_2corner, glass_columns_a, glass_columns_a, glass_columns_a,
          glass_columns_c, glass_columns_a, shapermc_ecumenical_altar_acropolis
D:3:      layout_rooms, nicolae_qazlal_eye_of_the_storm, lemuel_tele_altar,
          serial_shops, shop, shop
D:4:      layout_loops_ring, minmay_temple_entry_junction
D:5:      layout_basic, grunt_temple_overflow_growth_and_decay
D:6:      layout_loops_ring, overflow_temple_1_default,
          nicolae_overflow_hallway_of_the_gods, minmay_checkerbox, uniq_edmund
D:7:      layout_basic, gammafunk_ghost_icy
D:8:      layout_layer_cave, dilly_guarded_unrand_morg, uniq_psyche, uniq_pikel
D:9:      gammafunk_indiana_jones, layout_loops_ring, serial_shops,
          nicolae_diamond_shop, minmay_misc_feat_five, minivault_16
D:10:     layout_rooms, minmay_lair_entry_grove, enter_bailey_4
D:11:     layout_basic, kennysheep_orc_monster_closet_entryway,
          kennysheep_generic_room_7
D:12:     layout_irregular_city, serial_shops, shop, uniq_jorgrun
D:13:     layout_basic, lightli_vaults_fourway_checkpoint
Temple:   jpeg_temple_island
Lair:1:   layout_loops_ring, nicolae_lair_grazing_beasts
          [nicolae_sub_lair_graze_edge, nicolae_sub_lair_graze_edge,
          nicolae_sub_lair_graze_edge, nicolae_sub_lair_graze_edge]
Lair:2:   layout_loops_ring, hellmonk_spider_entry_life_and_decay,
          nicolae_lair_liquid_snakes
Lair:3:   layout_roguey, minmay_shoals_entry_lonely_mermaid,
          eino_house_with_fridge, infiniplex_staircase_pool_2,
          serial_bayou_shore_b
Lair:4:   layout_cave_shapes, nicolae_slime_entry_slimehenge,
          hellmonk_ghost_happy_afterlife, special_room [special_room_bee]
Lair:5:   cheibrodos_lair_end_hotspot, layout_regular_city

Skill      XL: |  1  2  3  4  5  6  7  8  9 10 11 12 13 |
---------------+----------------------------------------+-----
Axes           | 2 3 4 5 7 8 9 10 11 12 14 | 14.0
Dodging        | 1 2 |  2.5
Throwing       | 2 4 5 |  5.1
Fighting       | 4 6 8 9 10 | 10.1
Armour         | 4 7 9 |  9.1
Invocations    | 4 5 9 10 | 10.0
Shields        | 4 5 6 |  6.8

Action                   |  1- 3 |  4- 6 |  7- 9 | 10-12 | 13-15 || total
-------------------------+-------+-------+-------+-------+-------++-------
Melee: War axe           |   122 |   114 |   259 |   227 |       ||   722
       Broad axe         |       |       |       |   255 |   136 ||   391
Throw: Javelin           |       |    12 |    42 |    32 |     7 ||    93
       Boomerang         |       |       |    10 |    24 |    10 ||    44
Invok: Heroism           |       |       |     4 |    29 |     7 ||    40
       Finesse           |       |       |       |     7 |       ||     7
  Use: Scroll            |     5 |    11 |     9 |     7 |     3 ||    35
       Potion            |       |     1 |     5 |       |       ||     6
 Stab: Petrifying        |       |       |       |     1 |       ||     1
Armor: Scale mail        |    76 |    51 |       |       |       ||   127
       Chain mail        |       |     5 |   117 |       |       ||   122
       Plate armour      |       |       |    71 |   293 |   101 ||   465
Dodge: Dodged            |    58 |    58 |    89 |   219 |    92 ||   516
Block: Buckler           |    25 |    20 |    43 |    92 |    42 ||   222

Table legend:
 A = Non-vault XP
 B = Vault XP
 C = Vault XP percentage of total XP
 D = Non-vault monster count
 E = Vault monster count
 F = Vault count percentage of total count
                 A         B        C        D         E       F
            +---------+---------+-------+---------+---------+-------
      Total |   25530 |   17155 |  40.2 |     251 |      98 |  28.1
            +---------+---------+-------+---------+---------+-------
        D:1 |      55 |       0 |   0.0 |      31 |       0 |   0.0
        D:2 |      29 |       0 |   0.0 |      10 |       0 |   0.0
        D:3 |      67 |       0 |   0.0 |      16 |       0 |   0.0
        D:4 |     393 |       0 |   0.0 |      21 |       0 |   0.0
        D:5 |     910 |       0 |   0.0 |      20 |       0 |   0.0
        D:6 |     761 |     431 |  36.2 |      20 |       5 |  20.0
        D:7 |     732 |       0 |   0.0 |      26 |       0 |   0.0
        D:8 |    2776 |    2595 |  48.3 |      18 |       9 |  33.3
        D:9 |    1085 |     447 |  29.2 |      23 |       1 |   4.2
       D:10 |    2133 |    2276 |  51.6 |      14 |      18 |  56.2
       D:11 |     495 |       0 |   0.0 |       1 |       0 |   0.0
       D:12 |     686 |       0 |   0.0 |       2 |       0 |   0.0
       D:13 |     534 |       0 |   0.0 |       1 |       0 |   0.0
     Lair:1 |    1400 |    6411 |  82.1 |       8 |      11 |  57.9
     Lair:2 |    6531 |    1118 |  14.6 |      20 |      12 |  37.5
     Lair:3 |    4377 |    1325 |  23.2 |      10 |      13 |  56.5
     Lair:4 |    2566 |    2552 |  49.9 |      10 |      29 |  74.4
            +---------+---------+-------+---------+---------+-------
